 Dungeon Crawl Stone Soup version 0.26.0-45-g9c1d065592 (webtiles) character file.

Game seed: 5920075088955034447

133 kaeus the Stinger (level 5, -2/37 HPs)
             Began as a Gnoll Venom Mage on Jan 31, 2021.
             Slain by a harpy (shapeshifter) (5 damage)
             ... on level 4 of the Dungeon.
             The game lasted 00:04:11 (3539 turns).

kaeus the Stinger (Gnoll Venom Mage)                Turns: 3539, Time: 00:04:11

Health: -2/37      AC:  3    Str: 11    XL:     5   Next: 16%
Magic:  8/12       EV: 15    Int: 18    God:
Gold:   195        SH:  0    Dex: 15    Spells: 3/14 levels left

rFire    . . .     SeeInvis .   r - +4 quarterstaff (chaos)
rCold    + . .     Faith    .   (shield currently unavailable)
rNeg     . . .     Spirit   .   a - +0 robe
rPois    .         Reflect  .   (no helmet)
rElec    .         Harm     .   q - +0 cloak
rCorr    .         Rampage  .   (no gloves)
Will     .....                  (no boots)
Stlth    +++.......             o - amulet of inaccuracy (curse)
HPRegen  0.12/turn              b - ring of protection from cold
MPRegen  0.13/turn              (no ring)

@: no status effects
A: distributed training, fangs 1, strong nose
a: no special abilities


You were on level 4 of the Dungeon.
You visited 1 branch of the dungeon, and saw 4 of its levels.

You collected 195 gold pieces.

Inventory:

Hand Weapons
 i - a +0 short sword
 r - a +4 quarterstaff of chaos (weapon)
Armour
 a - a +0 robe (worn)
 q - a +0 cloak (worn)
Jewellery
 b - a ring of protection from cold (left hand)
 o - a cursed amulet of inaccuracy (around neck)
Scrolls
 c - a scroll of immolation {unknown}
 f - 5 scrolls of remove curse {unknown}
 h - a scroll of amnesia {unknown}
 k - 2 scrolls of identify {unknown}
 l - a scroll of magic mapping {unknown}
 m - a scroll of random uselessness {unknown}
 n - a scroll of teleportation {unknown}
 p - a scroll of enchant weapon {unknown}
Potions
 d - a potion of curing
 e - a potion of mutation {unknown}
 g - 2 potions of haste {unknown}
 j - a potion of resistance {unknown}


   Skills:
 + Level 1.4 Fighting
 + Level 1.4 Short Blades
 + Level 1.4 Long Blades
 + Level 1.4 Axes
 + Level 1.4 Maces & Flails
 + Level 1.4 Polearms
 + Level 1.4 Staves
 + Level 1.4 Slings
 + Level 1.4 Bows
 + Level 1.4 Crossbows
 + Level 1.4 Throwing
 + Level 1.4 Armour
 + Level 4.7 Dodging
 + Level 4.3 Stealth
 + Level 1.4 Shields
 + Level 1.4 Unarmed Combat
 + Level 5.1 Spellcasting
 + Level 1.1 Conjurations
 + Level 1.1 Hexes
 + Level 1.1 Summonings
 + Level 1.1 Necromancy
 + Level 1.1 Translocations
 + Level 2.3 Transmutations
 + Level 1.1 Fire Magic
 + Level 1.1 Ice Magic
 + Level 1.1 Air Magic
 + Level 1.1 Earth Magic
 + Level 5.5 Poison Magic
 + Level 1.5 Invocations
 + Level 1.4 Evocations


You had 3 spell levels left.
You knew the following spells:

 Your Spells              Type           Power        Failure   Level
a - Sting                 Tmut/Pois      72%          2%          1
b - Olgreb's Toxic Radia  Pois           24%          13%         4
c - Ignite Poison         Fire/Tmut/Pois 15%          12%         3
d - Mephitic Cloud        Conj/Pois/Air  14%          14%         3

Your spell library contained the following spells:

 Spells                   Type           Power        Failure   Level
 Poisonous Vapours        Pois/Air       32%          4%          2


Dungeon Overview and Level Annotations

Branches:
Dungeon (4/15)
 Temple: D:4-7

Altars:
Dithmenos
Fedhas
Hepliaklqana
Okawaru
Qazlal
Ru
Trog
Uskayaw
Vehumet


Innate Abilities, Weirdness & Mutations

Your experience applies equally to all skills.
You have very sharp teeth.
Your uncanny sense of smell can sniff out nearby items.


Message History

You are too injured to fight recklessly!
A harpy is nearby!
You are too injured to fight recklessly!
A harpy is nearby!
You are too injured to fight recklessly!
A harpy is nearby!
You are too injured to fight recklessly!
A harpy is nearby!
Casting: Sting (safe; 2% risk of failure)
Confirm with . or Enter, or press ? or * to list all spells.
You begin to radiate toxic energy.
The harpy barely misses you. The harpy claws you.
* * * LOW HITPOINT WARNING * * *
You take 2 damage, and have 2/37 hp.
You now have 8/12 mp.
Casting: Olgreb's Toxic Radiance (quite dangerous; 13% risk of failure)
Confirm with . or Enter, or press ? or * to list all spells.
Okay, then.
Your toxic aura wanes.
The harpy barely misses you. The harpy claws you.
You die...

∆ ##### #...#
#.#.### #<#...#
######.#####.###
........@H†..?...
..###########..##


You could see a harpy shaped shifter.

Vanquished Creatures
  Crazy Yiuf (D:3)
  2 adders
  2 oozes (D:2)
  2 worms (D:2)
  2 leopard geckos
  3 bats
  A giant cockroach (D:1)
  11 goblins
  9 hobgoblins
  9 jackals
  2 quokkas (D:3)
  5 frilled lizards
  9 kobolds
  8 rats
66 creatures vanquished.

Notes
Turn   | Place    | Note
-------+----------+-------------------------------------------
     0 | D:1      | kaeus the Gnoll Venom Mage began the quest for the Orb.
     0 | D:1      | Reached XP level 1. HP: 13/13 MP: 6/6
   172 | D:1      | Reached XP level 2. HP: 19/19 MP: 4/7
   682 | D:1      | Reached XP level 3. HP: 25/25 MP: 5/9
   884 | D:2      | Reached skill level 5 in Spellcasting
  1116 | D:2      | Found a faded altar of an unknown god.
  1189 | D:2      | Reached skill level 1 in Invocations
  1582 | D:2      | Reached skill level 1 in Fighting
  1582 | D:2      | Reached skill level 1 in Short Blades
  1582 | D:2      | Reached skill level 1 in Long Blades
  1582 | D:2      | Reached skill level 1 in Axes
  1582 | D:2      | Reached skill level 1 in Maces & Flails
  1582 | D:2      | Reached skill level 1 in Polearms
  1582 | D:2      | Reached skill level 1 in Staves
  1582 | D:2      | Reached skill level 1 in Slings
  1582 | D:2      | Reached skill level 1 in Bows
  1582 | D:2      | Reached skill level 1 in Crossbows
  1582 | D:2      | Reached skill level 1 in Throwing
  1582 | D:2      | Reached skill level 1 in Armour
  1582 | D:2      | Reached skill level 1 in Shields
  1582 | D:2      | Reached skill level 1 in Unarmed Combat
  1582 | D:2      | Reached skill level 1 in Evocations
  1843 | D:2      | Reached XP level 4. HP: 32/32 MP: 7/11
  2344 | D:2      | Learned a level 4 spell: Olgreb's Toxic Radiance
  2348 | D:2      | Learned a level 3 spell: Ignite Poison
  2352 | D:2      | Learned a level 3 spell: Mephitic Cloud
  2509 | D:2      | Found a bloodstained altar of Trog.
  2510 | D:2      | Found a hide-covered altar of Uskayaw.
  2510 | D:2      | Found a hazy altar of Hepliaklqana.
  2511 | D:2      | Found a stormy altar of Qazlal.
  2673 | D:2      | Found a radiant altar of Vehumet.
  2869 | D:3      | Found a blossoming altar of Fedhas.
  2936 | D:3      | Reached skill level 1 in Conjurations
  2936 | D:3      | Reached skill level 1 in Hexes
  2936 | D:3      | Reached skill level 1 in Summonings
  2936 | D:3      | Reached skill level 1 in Necromancy
  2936 | D:3      | Reached skill level 1 in Translocations
  2936 | D:3      | Reached skill level 1 in Fire Magic
  2936 | D:3      | Reached skill level 1 in Ice Magic
  2936 | D:3      | Reached skill level 1 in Air Magic
  2936 | D:3      | Reached skill level 1 in Earth Magic
  3081 | D:3      | Found a shadowy altar of Dithmenos.
  3082 | D:3      | Found a sacrificial altar of Ru.
  3113 | D:3      | Found an iron altar of Okawaru.
  3291 | D:3      | Found a runed translucent door.
  3292 | D:3      | Noticed Crazy Yiuf
  3433 | D:3      | Killed Crazy Yiuf
  3434 | D:3      | Reached XP level 5. HP: 26/37 MP: 0/12
  3536 | D:4      | Noticed a shapeshifter
  3536 | D:4      | a jackal changed into a shapeshifter
  3536 | D:4      | Noticed a harpy
  3536 | D:4      | a shapeshifter changed into a harpy
  3539 | D:4      | Slain by a harpy (shapeshifter)

Illustrated notes

Levels and vault maps discovered:
D:1:      dpeg_arrival_leaves_temple_mockup, layout_basic
D:2:      minmay_skewed_foursquare, layout_basic, general_overflow_altar,
          chequers_temple_overflow_statue_of_worship,
          chequers_ecumenical_altar_grove
D:3:      layout_rooms, grunt_temple_overflow_open, kennysheep_doodads,
          fedhas_altar_1, uniq_crazy_yiuf_cottage
D:4:      kennysheep_spiral_hall, layout_basic, makhleb_heckhound_becter,
          gammafunk_ghost_abyssal_escape, uniq_edmund, uniq_sigmund

Skill      XL: |  1  2  3  4 |
---------------+-------------+-----
Transmutations | 2 |  2.3
Spellcasting   | 5 |  5.1
Invocations    | 1 |  1.5
Fighting       | 1 |  1.4
Short Blades   | 1 |  1.4
Long Blades    | 1 |  1.4
Axes           | 1 |  1.4
Maces & Flails | 1 |  1.4
Polearms       | 1 |  1.4
Staves         | 1 |  1.4
Slings         | 1 |  1.4
Bows           | 1 |  1.4
Crossbows      | 1 |  1.4
Throwing       | 1 |  1.4
Armour         | 1 |  1.4
Shields        | 1 |  1.4
Unarmed Combat | 1 |  1.4
Evocations     | 1 |  1.4
Conjurations   | 1 |  1.1
Hexes          | 1 |  1.1
Summonings     | 1 |  1.1
Necromancy     | 1 |  1.1
Translocations | 1 |  1.1
Fire Magic     | 1 |  1.1
Ice Magic      | 1 |  1.1
Air Magic      | 1 |  1.1
Earth Magic    | 1 |  1.1
Dodging        | |  4.7
Stealth        | |  4.3
Poison Magic   | |  5.5

Action                   |  1- 3 |  4- 6 || total
-------------------------+-------+-------++-------
Melee: Unarmed           |    11 |       ||    11
       Bite              |     7 |     4 ||    11
       Short sword       |    31 |    51 ||    82
       Punch             |       |     1 ||     1
       Quarterstaff      |       |     5 ||     5
 Cast: Sting             |    62 |    26 ||    88
       Olgreb's Toxic Ra |       |     3 ||     3
       Ignite Poison     |       |     1 ||     1
  Use: Potion            |       |     1 ||     1
Armor: Robe              |     3 |     5 ||     8
Dodge: Dodged            |    33 |    51 ||    84
